 Dungeon Crawl Stone Soup version 0.20.1-1-g8b1a95d (console) character file.

508 hilaritas the Chiller (level 6, -24/32 HPs)
             Began as a Deep Elf Ice Elementalist on Aug 30, 2017.
             Killed from afar by ThereIsNoGod's ghost (27 damage)
             ... with a shard of ice
             ... on level 4 of the Dungeon.
             The game lasted 00:09:56 (3401 turns).

hilaritas the Chiller (Deep Elf Ice Elementalist)   Turns: 3401, Time: 00:09:57

Health: -24/32     AC: 13    Str: 11    XL:     6   Next: 98%
Magic:  7/17       EV: 13    Int: 26    God:
Gold:   151        SH:  0    Dex: 15    Spells: 3/17 levels left

rFire    + . .     SeeInvis .   u - +2 dagger (venom)
rCold    + + .     Gourm    .   (no shield)
rNeg     . . .     Faith    .   a - +0 robe
rPois    +         Spirit   .   (no helmet)
rElec    +         Reflect  .   y - +1 cloak
rCorr    +         Harm     .   n - +2 pair of gloves
MR       .....                  (no boots)
Stlth    ++........             (no amulet)
Regen    0.1/turn               (no ring)
MPRegen  0.2/turn               w - ring of protection from cold

@: mighty, brilliant, lethally poisoned (-24 -> -34), icy armour, resistant,
very slightly contaminated, slow
A: no striking features
a: no special abilities


You were on level 4 of the Dungeon.
You were not hungry.

You visited 1 branch of the dungeon, and saw 4 of its levels.

You collected 151 gold pieces.

Inventory:

Hand Weapons
 u - a +2 dagger of venom (weapon)
 x - a +2 short sword of electrocution
Missiles
 e - 71 stones (quivered)
Armour
 a - a +0 robe (worn)
 n - a +2 pair of gloves (worn)
 y - a +1 cloak (worn)
Jewellery
 w - a ring of protection from cold (right hand)
Wands
 B - a wand of flame (24/48)
Scrolls
 f - 4 scrolls of remove curse
 p - a scroll of teleportation
 s - a scroll of blinking
Books
 b - a book of Frost

   Spells                             Type                      Level
   a - Freeze                         Ice                          1
   b - Throw Frost                    Conjuration/Ice              2
   c - Ozocubu's Armour               Charms/Ice                   3
   d - Throw Icicle                   Conjuration/Ice              4
   e - Summon Ice Beast               Ice/Summoning                4
Comestibles
 c - 4 bread rations
 g - 4 meat rations
 v - 4 fruits


   Skills:
 - Level 2.4 Dodging
 - Level 2.4 Stealth
 - Level 6.2 Spellcasting
 * Level 3.5 Conjurations
 + Level 6.5 Ice Magic


You had 3 spell levels left.
You knew the following spells:

 Your Spells              Type           Power        Failure   Level  Hunger
a - Freeze                Ice            ####         1%          1    None
b - Throw Frost           Conj/Ice       #####.       1%          2    None
c - Ozocubu's Armour      Chrm/Ice       #####...     1%          3    None
d - Throw Icicle          Conj/Ice       #####...     1%          4    ###....
e - Summon Ice Beast      Ice/Summ       #####...     2%          4    ###....


Dungeon Overview and Level Annotations

Branches:
Dungeon (4/15)
 Temple: D:4-7

Altars:
Kikubaaqudgha
Nemelex Xobeh
Qazlal
Sif Muna

Annotations:
D:4 ThereIsNoGod's ghost, novice DrIE


Message History

Aim: ThereIsNoGod's ghost, wielding a weapon of venom (lightly damaged)
You freeze ThereIsNoGod's ghost.
ThereIsNoGod's ghost resists.
ThereIsNoGod's ghost is moderately damaged.
* * * LOW HITPOINT WARNING * * *
You feel sick.
ThereIsNoGod's ghost hits you but does no damage.
It was a potion of brilliance.
You feel clever all of a sudden.
* * * LOW HITPOINT WARNING * * *
You feel sick.
ThereIsNoGod's ghost points at you and mumbles some strange words.
You are frozen.
* * * LOW HITPOINT WARNING * * *
You feel very mighty all of a sudden.
* * * LOW HITPOINT WARNING * * *
You feel sick.
ThereIsNoGod's ghost gestures at you while chanting.
The shard of ice hits you! You partially resist.
Ouch! That really hurt!
You die...

* * * ********
**,,,,,,* **,,,,,,,,
*,,,,,,,,, #######
*,,,,,,,,, ##..@Wl#
*,,,,,,,,, #..###.##
*,,,,,,,,, #.##
#..#***,,,,,,,,, #.#
*#....#**,,,,,,,, #.#
#.......#,,,,,,,,
#.#*#....._....,,,,,,
###.#*...........,,,,,,
#...##....8...l..,,,,,,
#.####............,,,,,


You could see an iguana and ThereIsNoGod's ghost.

Vanquished Creatures
  A phantom (D:4)
  An ogre (D:4)
  2 orc priests (D:3)
  2 orc wizards (D:3)
  Jessica (D:2)
  Natasha (thrice) (D:2)
  An iguana (D:4)
  4 adders
  2 worms (D:2)
  A dart slug (D:1)
  A leopard gecko (D:3)
  6 orcs (D:3)
  3 bats
  2 giant cockroaches
  5 goblins
  8 hobgoblins
  2 jackals (D:4)
  7 kobolds
  3 frilled lizards
55 creatures vanquished.

Notes
Turn   | Place    | Note
-------+----------+-------------------------------------------
     0 | D:1      | hilaritas the Deep Elf Ice Elementalist began the quest for the Orb.
     0 | D:1      | Reached XP level 1. HP: 10/10 MP: 6/6
   242 | D:1      | Reached XP level 2. HP: 13/15 MP: 5/8
   272 | D:1      | Learned a level 2 spell: Throw Frost
   925 | D:2      | Noticed Natasha
   978 | D:2      | Killed Natasha
   978 | D:2      | Reached XP level 3. HP: 14/19 MP: 1/9
   983 | D:2      | Learned a level 3 spell: Ozocubu's Armour
   991 | D:2      | Noticed Natasha
  1003 | D:2      | Killed Natasha
  1003 | D:2      | Reached skill level 5 in Ice Magic
  1003 | D:2      | Reached XP level 4. HP: 18/24 MP: 0/10
  1092 | D:2      | Noticed Jessica
  1095 | D:2      | Killed Jessica
  1313 | D:2      | Learned a level 4 spell: Throw Icicle
  1422 | D:2      | Found a stormy altar of Qazlal.
  1496 | D:2      | Noticed Natasha
  1503 | D:2      | Killed Natasha
  1503 | D:2      | Reached XP level 5. HP: 24/28 MP: 8/14
  2046 | D:3      | Reached skill level 5 in Spellcasting
  2189 | D:3      | Learned a level 4 spell: Summon Ice Beast
  2635 | D:3      | Reached XP level 6. HP: 15/32 MP: 0/17
  3113 | D:4      | Found an ancient bone altar of Kikubaaqudgha.
  3184 | D:4      | Found a sparkling altar of Nemelex Xobeh.
  3379 | D:4      | Found a deep blue altar of Sif Muna.
  3382 | D:4      | Noticed ThereIsNoGod's ghost (novice DrIE)
  3401 | D:4      | Killed from afar by ThereIsNoGod's ghost

Skill      XL: |  1  2  3  4  5  6 |
---------------+-------------------+-----
Ice Magic      | 4 5 6 |  6.5
Conjurations   | 2 3 |  3.5
Spellcasting   | 4 6 |  6.2
Dodging        | |  2.4
Stealth        | |  2.4

Action                   |  1- 3 |  4- 6 || total
-------------------------+-------+-------++-------
Melee: Unarmed           |     1 |       ||     1
       Dagger            |       |    35 ||    35
       Short sword       |       |    14 ||    14
 Cast: Freeze            |    29 |    67 ||    96
       Throw Frost       |       |    15 ||    15
       Ozocubu's Armour  |       |     5 ||     5
  Use: Potion            |       |     5 ||     5
       Scroll            |       |     9 ||     9
  Eat: Chunk             |       |     8 ||     8
Armor: Robe              |     6 |    34 ||    40
Dodge: Dodged            |    16 |    57 ||    73
